 Dungeon Crawl Stone Soup version 0.21.1-1-g345015f (webtiles) character file.

18554 troglodite the Cleaver (level 12, -6/92 HPs)
             Began as a Demonspawn Berserker on Feb 15, 2018.
             Was a High Priest of Trog.
             Mangled by an orc knight
             ... wielding a +0 battleaxe
              (17 damage)
             ... on level 2 of the Orcish Mines.
             The game lasted 00:41:52 (14534 turns).

troglodite the Cleaver (Demonspawn Berserker)      Turns: 14534, Time: 00:41:55

Health: -6/92      AC:  9    Str: 26    XL:     12   Next: 28%
Magic:  12/12      EV: 21    Int:  8    God:    Trog [*****.]
Gold:   1278       SH:  0    Dex: 23    Spells: 11/11 levels left

rFire    . . .     SeeInvis +   z - +9 war axe of Change {elec, rC+ MR+ Str+3 Stlth+}
rCold    + . .     Gourm    .   (no shield)
rNeg     . . .     Faith    .   M - +0 plate armour
rPois    .         Spirit   .   b - +0 helmet
rElec    .         Reflect  .   N - scarf {cloud immunity}
rCorr    .         Harm     .   O - +0 pair of gloves
MR       ++...                  w - +0 pair of boots
Stlth    ++........             (no amulet)
HPRegen  0.25/turn              E - ring of protection from magic
MPRegen  0.13/turn              F - ring of see invisible

@: mighty, agile, about to teleport, corroded, berserk cooldown, slowed, repel
missiles, very slow
A: talons 2, repulsion field 3, nightstalker 1, powered by pain 2
a: Berserk, Trog's Hand, Brothers in Arms, Burn Spellbooks, Renounce Religion


You were on level 2 of the Orcish Mines.
You worshipped Trog.
Trog was extremely pleased with you.
You were not hungry.

You visited 2 branches of the dungeon, and saw 13 of its levels.
You also visited: Sewer.

You collected 1465 gold pieces.
You spent 187 gold pieces at shops.

Inventory:

Hand Weapons
 a - a +0 falchion
 u - a +6 fustibalus of velocity
 z - the +9 war axe of Change (weapon) {elec, rC+ MR+ Str+3 Stlth+}
   (You bought it in a shop on level 4 of the Dungeon)

   Occasionally, upon striking a foe, it will discharge some electrical energy
   and cause terrible harm.
   It affects your strength (+3).
   It protects you from cold.
   It affects your resistance to hostile enchantments.
   It makes you more stealthy.
Missiles
 e - 300 stones (quivered)
 p - 139 sling bullets
Armour
 b - a +0 helmet (worn)
 w - a +0 pair of boots (worn)
 M - a +0 plate armour (worn)
 N - a scarf of cloud immunity (worn)
 O - a +0 pair of gloves (worn)
Jewellery
 h - an uncursed ring of wizardry
 C - an uncursed ring of flight
 D - a +1 ring of evasion
 E - a ring of protection from magic (left hand)
 F - a ring of see invisible (right hand)
 H - a +3 ring of dexterity
Wands
 d - a wand of enslavement (25)
 k - a wand of paralysis (12)
 v - a wand of scattershot (5)
 y - a wand of iceblast (15)
 I - a wand of polymorph (38)
 J - a wand of disintegration (7)
 K - a wand of flame (28)
 R - a wand of acid (11)
Scrolls
 f - 8 scrolls of fear
 g - 8 scrolls of teleportation
 l - 3 scrolls of remove curse
 n - a scroll of fog
 r - 2 scrolls of blinking
 P - a scroll of vulnerability
Potions
 j - 3 potions of curing
 m - a potion of mutation
 q - 2 potions of resistance
 s - a potion of heal wounds
 t - 2 potions of flight
 x - a potion of might
 A - 2 potions of agility
 L - a potion of brilliance
 Q - a potion of haste {unknown}
Comestibles
 c - 12 rations


   Skills:
 * Level 8.1 Fighting
 + Level 5.5 Long Blades
 * Level 10.9 Axes
 * Level 5.7 Slings
 * Level 8.3 Armour
 * Level 6.0 Dodging
 * Level 5.9 Stealth


You had 11 spell levels left.
You didn't know any spells.

Dungeon Overview and Level Annotations

Branches:
Dungeon (11/15)            Temple (0/1) D:7            Lair (0/6) D:8
    Orc (2/2) D:9             Elf (0/3) Orc:2

Altars:
Ashenzari
Cheibriados
Fedhas
Hepliaklqana
Kikubaaqudgha
Makhleb
Okawaru
Qazlal
Ru
Sif Muna
Trog
Zin

Shops:
D:4 ((?![   D:11 !   Orc:2 [


Innate Abilities, Weirdness & Mutations

You have razor-sharp toenails.
You are surrounded by a strong repulsion field. (EV +4, RMsl)
You are slightly more attuned to the shadows.
You sometimes gain power by taking damage.


Message History

Your troll barely misses the orc knight.
Your troll claws the orc knight.
Your troll claws the orc knight but does no damage.
Something hits your troll!!
Your troll dies!
Your troll's corpse disappears in a puff of smoke!
The ice devil barely misses you.
The orc high priest mumbles some strange prayers to Beogh.
The ice devil hits you.
* * * LOW HITPOINT WARNING * * *
The ice devil freezes you! You resist.
* * * LOW HITPOINT WARNING * * *
You hear a shout!
You feel much better.
The orc knight hits you from afar with a halberd!
* * * LOW HITPOINT WARNING * * *
You focus on the pain.
You feel more agile all of a sudden.
The orc knight hits you with a battleaxe!
You die...

.................................
.................................
.................................
#######.###########..............
#####.###### #..............
#...........### #............#.
..####.####...## #..............
#.######..###..............
#.#..3###o@##..............
#.#..4oo##4##.............#
#.#o.ooo)#o##.............. ..
#o)oo##..............
##)[###.............. #o4#
#.............. ...#
#.............. ##..#
#.............. ..##
#..............


You could see 2 orc knights, 2 orc high priests, an ice devil, a rust devil and
an orc wizard.

Vanquished Creatures
  Harold (D:10)
  3 two-headed ogres
  An unseen horror (D:10)
  Pikel (D:6)
  3 orc sorcerers (Orc:2)
  A deep elf mage (D:9)
  A cyclops (Orc:2)
  A manticore (D:11)
  Maurice (D:11)
  A gargoyle (D:11)
  7 trolls
  2 hornets
  A hippogriff (D:11)
  A spriggan (D:7)
  A wyvern (D:11)
  A vampire (D:9)
  5 yaks
  A basilisk (D:11)
  Edmund (D:4)
  The ghost of Monsterracer the Insei, an amateur OpMo (D:3)
  3 wargs
  7 ice beasts
  11 orc warriors
  A black bear (D:9)
  3 eyes of draining
  4 phantoms
  5 sky beasts
  3 slaves (D:6)
  4 centaurs
  5 ogres
  6 big kobolds
  6 bullfrogs
  2 gnoll sergeants
  5 scorpions
  A wyvern skeleton (D:11)
  A vampire bat (D:7)
  6 wights (D:8)
  An electric eel (D:8)
  6 howler monkeys
  6 crimson imps
  A jelly (D:6)
  9 hounds
  A quasit (D:8)
  9 orc priests
  9 iguanas
  27 orc wizards
  2 bullfrog skeletons
  A centaur skeleton (D:6)
  Terence (D:3)
  Natasha (twice) (D:4)
  10 worker ants
  2 hound skeletons
  16 gnolls
  13 adders
  A river rat (Sewer)
  2 shadow imps
  6 oozes
  An adder zombie (D:6)
  7 worms
  2 dart slugs
  11 leopard geckos
  53 orcs
  5 ball pythons
  4 bat skeletons (D:7)
  3 bat zombies (D:7)
  10 giant cockroaches
  10 goblins
  6 hobgoblins
  7 jackals
  5 quokkas
  11 bats
  3 frilled lizards
  19 kobolds
  15 rats
405 creatures vanquished.

Vanquished Creatures (collateral kills)
  An orc warrior (Orc:2)
  A black bear (D:9)
  A sky beast (D:9)
  An orc wizard (D:9)
  4 orcs (D:9)
8 creatures vanquished.

Vanquished Creatures (others)
  A slave (D:6)
1 creature vanquished.

Grand Total: 414 creatures vanquished

Notes
Turn   | Place    | Note
-------+----------+-------------------------------------------
     0 | D:1      | troglodite the Demonspawn Berserker began the quest for the Orb.
     0 | D:1      | Reached XP level 1. HP: 18/18 MP: 1/1
    73 | D:1      | Gained mutation: You have sharp toenails. [demonic ancestry]
    73 | D:1      | Reached XP level 2. HP: 9/24 MP: 2/2
   624 | D:1      | Gained mutation: You sometimes gain a little power by taking damage. [demonic ancestry]
   624 | D:1      | Reached XP level 3. HP: 28/29 MP: 3/3
   810 | D:2      | Reached ** piety under Trog
  1085 | D:2      | Found a stormy altar of Qazlal.
  1127 | D:2      | Gained mutation: You have razor-sharp toenails. [demonic ancestry]
  1127 | D:2      | Reached XP level 4. HP: 21/37 MP: 4/4
  1402 | D:2      | Found a faded altar of an unknown god.
  1702 | D:2      | Found a deep blue altar of Sif Muna.
  2094 | D:3      | Found a glowing drain.
  2217 | D:3      | Noticed Monsterracer's ghost (amateur OpMo)
  2218 | Sewer    | Entered a sewer
  2335 | Sewer    | Noticed a big kobold
  2362 | Sewer    | Killed a big kobold
  2362 | Sewer    | Reached XP level 5. HP: 20/42 MP: 5/5
  2565 | Sewer    | Reached skill level 1 in Slings
  2589 | Sewer    | Gained mutation: You sometimes gain power by taking damage. [demonic ancestry]
  2589 | Sewer    | Reached XP level 6. HP: 32/48 MP: 6/6
  2964 | Sewer    | Reached *** piety under Trog
  3075 | Sewer    | Gained mutation: You are slightly more attuned to the shadows. [demonic ancestry]
  3075 | Sewer    | Reached XP level 7. HP: 54/55 MP: 7/7
  3245 | D:3      | Killed Monsterracer's ghost
  3245 | D:3      | Reached skill level 1 in Stealth
  3337 | D:3      | Found a shattered altar of Ashenzari.
  3445 | D:3      | Noticed Terence
  3457 | D:3      | Killed Terence
  3902 | D:3      | Found a bloodstained altar of Trog.
  3993 | D:3      | Reached skill level 5 in Long Blades
  4153 | D:3      | Found a burning altar of Makhleb.
  4362 | D:4      | Reached **** piety under Trog
  4638 | D:4      | Found Qacixoj's Antique Weapon Boutique.
  4704 | D:4      | Found Titila's Antique Weapon Shoppe.
  4801 | D:4      | Bought a crude war axe for 187 gold pieces
  4801 | D:4      | Identified the +9 war axe of Change {elec, rC+ MR+ Str+3 Stlth+} (You bought it in a shop on level 4 of the Dungeon)
  4882 | D:4      | Noticed Edmund
  4894 | D:4      | Killed Edmund
  4894 | D:4      | Reached skill level 5 in Fighting
  4894 | D:4      | Reached XP level 8. HP: 18/62 MP: 8/8
  5238 | D:4      | Noticed Natasha
  5250 | D:4      | Reached skill level 5 in Armour
  5254 | D:4      | Killed Natasha
  5254 | D:4      | Reached skill level 1 in Axes
  5380 | D:4      | Found a glowing silver altar of Zin.
  5380 | D:4      | Found a blossoming altar of Fedhas.
  5457 | D:4      | Noticed Natasha
  5460 | D:4      | Killed Natasha
  5552 | D:4      | Found Teduck's Magic Scroll Boutique.
  5695 | D:4      | Found Juch's Distillery.
  5764 | D:4      | Found Abek's Antique Armour Emporium.
  5815 | D:5      | Entered Level 5 of the Dungeon
  6052 | D:5      | Reached skill level 2 in Axes
  6611 | D:6      | Reached skill level 3 in Axes
  6611 | D:6      | Gained mutation: You are surrounded by a mild repulsion field. (EV +2) [demonic ancestry]
  6611 | D:6      | Reached XP level 9. HP: 49/68 MP: 9/9
  7204 | D:6      | Noticed Pikel
  7213 | D:6      | Killed Pikel
  7213 | D:6      | Reached skill level 4 in Axes
  7462 | D:6      | Reached ***** piety under Trog
  7478 | D:6      | Reached skill level 5 in Axes
  7565 | D:6      | Received a gift from Trog
  7771 | D:7      | Found a hazy altar of Hepliaklqana.
  7932 | D:7      | Found an ancient bone altar of Kikubaaqudgha.
  8282 | D:7      | Reached skill level 6 in Axes
  8397 | D:7      | Found a staircase to the Ecumenical Temple.
  8592 | D:7      | Reached XP level 10. HP: 69/76 MP: 10/10
  9089 | D:8      | Found a snail-covered altar of Cheibriados.
  9280 | D:8      | Found a staircase to the Lair.
  9402 | D:8      | Noticed a two-headed ogre
  9411 | D:8      | Killed a two-headed ogre
  9411 | D:8      | Reached skill level 7 in Axes
  9661 | D:8      | Found a sacrificial altar of Ru.
  9773 | D:9      | Noticed a deep elf mage
  9780 | D:9      | Killed a deep elf mage
  9808 | D:8      | Received a gift from Trog
 10325 | D:9      | Reached skill level 8 in Axes
 10327 | D:9      | Reached skill level 5 in Dodging
 10478 | D:9      | Gained mutation: You are surrounded by a moderate repulsion field. (EV +3) [demonic ancestry]
 10478 | D:9      | Reached XP level 11. HP: 72/84 MP: 0/11
 10513 | D:9      | Found an iron altar of Okawaru.
 10708 | D:9      | Found a staircase to the Orcish Mines.
 10901 | D:10     | Entered Level 10 of the Dungeon
 11044 | D:10     | Noticed an unseen horror
 11059 | D:10     | Killed an unseen horror
 11415 | D:10     | Reached skill level 9 in Axes
 11427 | D:10     | Noticed Harold
 11445 | D:10     | Killed Harold
 11445 | D:10     | Reached skill level 5 in Stealth
 11621 | D:10     | Noticed a two-headed ogre
 11627 | D:10     | Killed a two-headed ogre
 11627 | D:10     | Reached skill level 5 in Slings
 11723 | D:10     | Received a gift from Trog
 12341 | D:11     | Noticed a two-headed ogre
 12350 | D:11     | Killed a two-headed ogre
 12436 | D:11     | Reached skill level 10 in Axes
 12761 | D:11     | Noticed Maurice
 12780 | D:11     | Killed Maurice
 12883 | D:11     | Found Retz's Distillery.
 13093 | Orc:1    | Entered Level 1 of the Orcish Mines
 13242 | Orc:1    | Received a gift from Trog
 13252 | Orc:1    | Gained mutation: You are surrounded by a strong repulsion field. (EV +4, RMsl) [demonic ancestry]
 13252 | Orc:1    | Reached XP level 12. HP: 82/92 MP: 12/12
 13267 | Orc:1    | Found a frozen archway.
 13599 | Orc:2    | Entered Level 2 of the Orcish Mines
 13772 | Orc:2    | Received a gift from Trog
 14312 | Orc:2    | Found a staircase to the Elven Halls.
 14516 | Orc:2    | Found Vatref's Antique Armour Boutique.
 14516 | Orc:2    | Noticed an orc high priest
 14517 | Orc:2    | Noticed an orc high priest
 14521 | Orc:2    | Noticed an orc high priest
 14533 | Orc:2    | HP: 3/92 [ice devil[an orc high priest] (9)]
 14534 | Orc:2    | Mangled by an orc knight

Skill      XL: |  1  2  3  4  5  6  7  8  9 10 11 12 |
---------------+-------------------------------------+-----
Armour         | 2 3 4 5 6 7 8 |  8.3
Dodging        | 2 3 4 5 6 |  6.0
Long Blades    | 3 4 5 |  5.5
Fighting       | 4 5 6 7 8 |  8.1
Slings         | 1 2 3 4 5 |  5.7
Stealth        | 1 3 4 5 |  5.9
Axes           | 3 6 8 10 | 10.9

Action                   |  1- 3 |  4- 6 |  7- 9 | 10-12 || total
-------------------------+-------+-------+-------+-------++-------
Melee: Falchion          |   103 |   192 |   193 |       ||   488
       Kick              |    21 |    43 |    17 |       ||    81
       War axe           |       |       |   195 |   412 ||   607
Invok: Berserk           |     1 |     1 |     9 |     9 ||    20
       Trog's Hand       |       |       |     1 |       ||     1
       Burn Spellbooks   |       |       |     1 |       ||     1
       Brothers in Arms  |       |       |       |     3 ||     3
  Use: Scroll            |       |       |    13 |    12 ||    25
       Potion            |       |       |       |     1 ||     1
 Stab: Sleeping          |       |       |     5 |     3 ||     8
       Distracted        |       |       |       |     2 ||     2
  Eat: Chunk             |     2 |     7 |    20 |    24 ||    53
       Ration            |       |       |     2 |     2 ||     4
Armor: Animal skin       |     2 |       |       |       ||     2
       Scale mail        |    41 |    70 |    22 |       ||   133
       Chain mail        |       |       |   201 |    64 ||   265
       Plate armour      |       |       |       |   130 ||   130
Dodge: Dodged            |    69 |    92 |   223 |   292 ||   676
       Deflected         |       |       |       |     3 ||     3
       Rpst.: Falchion   |    22 |    20 |    32 |       ||    74
